 Dungeon Crawl Stone Soup version 0.18.1-8-gdd0e5ea (webtiles) character file.

195 shmeve the Shield-Bearer (level 5, -1/41 HPs)
             Began as a Demonspawn Berserker on May 20, 2016.
             Was a Believer of Trog.
             Slain by a river rat (5 damage)
             ... in a sewer on May 21, 2016.
             The game lasted 00:05:27 (2265 turns).

shmeve the Shield-Bearer (Demonspawn Berserker)     Turns: 2265, Time: 00:05:28

Health: -1/41      AC: 13    Str: 18    XL:     5   Next: 45%
Magic:  5/5        EV:  1    Int:  9    God:    Trog [**....]
Gold:   75         SH: 13    Dex: 12    Spells: 0 memorised, 4 levels left

rFire  . . .     SeeInvis .     a - +0 hand axe
rCold  . . .     Gourm    .     v - +0 plate armour
rNeg   . . .     Faith    .     l - +0 large shield (curse)
rPois  .         Spirit   .     u - +0 helmet
rElec  .         Dismiss  .     (no cloak)
rCorr  .         Reflect  .     (no gloves)
SustAt .         Harm     .     (no boots)
MR     .....                    (no amulet)
Stlth  ..........               (no ring)
                                (no ring)

@: not resistant to hostile enchantments, extremely unstealthy
A: yellow scales 1, powered by pain 1
a: Berserk, Trog's Hand, Burn Spellbooks, Renounce Religion


You were in a sewer.
You worshipped Trog.
Trog was pleased with you.
You were not hungry.

You visited 1 branch of the dungeon, and saw 3 of its levels.
You also visited: Sewer.

You collected 75 gold pieces.

Inventory:

Hand Weapons
 a - a +0 hand axe (weapon)
Armour
 l - a cursed +0 large shield (worn)
 u - a +0 helmet (worn)
 v - a +0 plate armour (worn)
Jewellery
 j - an uncursed ring of poison resistance {unknown}
Scrolls
 e - 5 scrolls of identify {unknown}
 h - a scroll of magic mapping {unknown}
 i - a scroll of fog {unknown}
 k - a scroll of noise {unknown}
 m - a scroll of random uselessness {unknown}
 r - a scroll of teleportation {unknown}
 s - a scroll of recharging {unknown}
Potions
 b - a potion of heal wounds {unknown}
 g - 2 potions of brilliance {unknown}
 n - 4 potions of curing {unknown}
 o - 2 potions of flight {unknown}
 p - 4 potions of agility {unknown}
 t - a potion of magic {unknown}
Comestibles
 c - 5 bread rations
 d - 3 fruits
 f - 2 meat rations
 q - a beef jerky


   Skills:
 - Level 3.2 Fighting
 - Level 3.0 Axes
 - Level 1.9 Armour
 - Level 2.2 Dodging
 + Level 4.1 Shields


You had 4 spell levels left.
You didn't know any spells.

Dungeon Overview and Level Annotations

Branches:
Dungeon (3/15)

Altars:


Innate Abilities, Weirdness & Mutations

You are partially covered in yellow scales (AC +2).
You sometimes gain a little power by taking damage.


Message History

The river rat bites you but does no damage.
The river rat bites you.
* * * LOW HITPOINT WARNING * * *
You block the river rat's attack. You block the rat's attack.
The river rat bites you but does no damage. x3
You hit the river rat.
The river rat is severely wounded.
You barely miss the river rat.
The river rat is lightly wounded.
Your plate armour prevents you from hitting the rat.
You hit the river rat but do no damage.
The river rat is severely wounded.
You hit the river rat but do no damage.
The river rat is lightly wounded.
You closely miss the river rat. You block the river rat's attack. x2
The rat twitches its whiskers.
The rat bites you but does no damage. The river rat bites you.
* * * LOW HITPOINT WARNING * * *
You block the river rat's attack. x2; The river rat bites you.
You die...

## ..### #.. ....####... ..
.......... .... ##.......# ..
....##rr......## #...
......r@r......##......#
≈≈≈≈≈≈≈≈##≈≈≈≈.≈rr.......≈≈≈≈≈≈≈≈
≈≈≈≈≈≈≈≈≈≈≈≈≈≈≈..≈≈≈≈.≈.≈≈≈≈≈≈≈≈≈
≈≈≈≈≈≈≈≈≈≈≈≈≈≈≈≈≈≈≈≈≈≈≈≈≈≈≈≈≈≈≈≈≈
≈≈≈≈≈≈≈≈≈≈≈≈≈≈≈≈≈≈≈≈≈≈≈≈≈≈≈≈≈≈≈≈≈
≈≈≈≈≈≈≈≈≈≈≈≈≈≈≈≈≈.≈≈≈..≈≈≈≈≈≈≈≈≈≈
≈≈≈≈≈≈≈≈≈≈≈≈≈≈≈≈≈......≈≈.≈≈≈≈≈≈≈
≈≈≈≈≈≈≈.≈...≈≈..≈..........≈≈≈≈≈≈
≈.≈≈.............................


You could see 5 river rats and a rat.

Vanquished Creatures
  A big kobold (Sewer)
  A hound (D:3)
  2 adders (Sewer)
  A river rat (Sewer)
  A worm (D:2)
  2 dart slugs (D:1)
  5 giant geckos
  A ball python (Sewer)
  4 bats
  5 giant cockroaches
  6 goblins
  4 hobgoblins
  2 jackals (D:2)
  A giant newt (D:1)
  11 kobolds
  12 rats
59 creatures vanquished.

Notes
Turn   | Place    | Note
--------------------------------------------------------------
     0 | D:1      | shmeve the Demonspawn Berserker began the quest for the Orb.
     0 | D:1      | Reached XP level 1. HP: 18/18 MP: 1/1
   174 | D:1      | Upgraded the game from 0.18.1-6-gd335043 to 0.18.1-8-gdd0e5ea
   228 | D:1      | Gained mutation: You sometimes gain a little power by taking damage. [demonic ancestry]
   228 | D:1      | Reached XP level 2. HP: 18/24 MP: 2/2
  1300 | D:2      | Reached XP level 3. HP: 27/29 MP: 3/3
  1304 | D:2      | Reached skill level 1 in Shields
  1399 | D:2      | Found a faded altar to an unknown god.
  1587 | D:2      | Reached ** piety under Trog
  1744 | D:3      | Reached skill level 2 in Shields
  1744 | D:3      | Reached XP level 4. HP: 29/35 MP: 4/4
  1817 | D:3      | Found a glowing drain.
  1824 | Sewer    | Entered a sewer
  1854 | Sewer    | Noticed a big kobold
  1885 | Sewer    | Killed a big kobold
  1885 | Sewer    | Reached skill level 3 in Shields
  1885 | Sewer    | Gained mutation: You are partially covered in yellow scales (AC +2). [demonic ancestry]
  1885 | Sewer    | Reached XP level 5. HP: 27/41 MP: 5/5
  2190 | Sewer    | Reached skill level 4 in Shields
  2265 | Sewer    | Slain by a river rat

Skill      XL: |  1  2  3  4  5 |
---------------+----------------+-----
Dodging        | 2 |  2.2
Axes           | 3 |  3.0
Shields        | 2 3 4 |  4.1
Fighting       | |  3.2
Armour         | |  1.9

Action                   |  1- 3 |  4- 6 || total
-------------------------+-------+-------++-------
Melee: Hand axe          |   133 |    99 ||   232
 Stab: Sleeping          |     1 |       ||     1
  Eat: Chunk             |     2 |     3 ||     5
Armor: Animal skin       |    17 |       ||    17
       Chain mail        |    42 |       ||    42
       Plate armour      |     6 |   107 ||   113
Dodge: Dodged            |    87 |    36 ||   123
Block: Large shield      |       |    43 ||    43
